 Dungeon Crawl Stone Soup version 0.28.0-49-g6dfe1f597d (webtiles) character file.

Game seed: 7221267736672080575

2398 urbino23 the Grappler (level 9, -14/88 HPs)
             Began as a Troll Monk on May 11, 2022.
             Was an Elder of Makhleb.
             Hit by a large rock thrown by a cyclops (46 damage)
             ... on level 7 of the Dungeon.
             The game lasted 00:14:25 (4956 turns).

urbino23 the Grappler (Troll Monk)                  Turns: 4956, Time: 00:14:26

Health: -14/88     AC:  6    Str: 25    XL:     9   Next: 23%
Magic:  11/11      EV: 11    Int:  6    God:    Makhleb [****..]
Gold:   213        SH:  0    Dex: 12    Spells: 8/8 levels left

rFire   + + .      SeeInvis .     - Unarmed
rCold   + . .      Faith    .   (no shield)
rNeg    + . .      Spirit   .   x - +1 robe {rF+}
rPois   .          Reflect  .   h - +1 hat
rElec   .          Harm     .   t - scarf {rC+ rF+}
rCorr   .          Rampage  .   (gloves unavailable)
Will    .....                   (boots unavailable)
Stlth   ++........              u - amulet of the acrobat
HPRegen 1.04/turn               z - ring of positive energy
MPRegen 0.12/turn               (no ring)

@: no status effects
A: large, unfitting armour, claws 3, regeneration 1, shaggy fur 1, tough skin 1
a: Renounce Religion, Minor Destruction, Lesser Servant of Makhleb, Major
Destruction


You were on level 7 of the Dungeon.
You worshipped Makhleb.
Makhleb was greatly pleased with you.
You visited 1 branch of the dungeon, and saw 7 of its levels.

You collected 213 gold pieces.

Inventory:

Hand Weapons
 a - a +1 hunting sling
Missiles
 b - 142 stones
 i - 8 poisoned darts (quivered)
 k - 70 sling bullets
Armour
 c - a +0 cloak
 h - a +1 hat (worn)
 s - a +0 robe
 t - a scarf of resistance (worn)
 x - a +1 robe of fire resistance (worn)
Jewellery
 u - an amulet of the acrobat (around neck)
 z - a ring of positive energy (left claw)
Wands
 j - a wand of paralysis (12)
 l - a wand of flame (12)
 n - a wand of iceblast (8)
 C - a wand of digging (3)
Scrolls
 d - 6 scrolls of identify
 g - a scroll of teleportation
 m - 2 scrolls of blinking
 o - a scroll of summoning {unknown}
 v - 4 scrolls of immolation {unknown}
 w - a scroll of holy word {unknown}
 y - a scroll of vulnerability {unknown}
 A - a scroll of brand weapon {unknown}
 B - a scroll of enchant weapon
Potions
 e - 2 potions of lignification {unknown}
 f - a potion of haste
 p - a potion of ambrosia {unknown}
 q - 2 potions of degeneration {unknown}
 r - 3 potions of curing {unknown}


   Skills:
 - Level 5.0 Fighting
 + Level 1.5 Throwing
 - Level 5.0 Dodging
 - Level 1.0 Stealth
 + Level 9.2 Unarmed Combat
 - Level 4.0 Invocations


You had 8 spell levels left.
You didn't know any spells.
Your spell library contained the following spells:

 Spells                   Type           Power      Damage    Failure   Level
 Corpse Rot               Necr/Air       0%         N/A       58%         2
 Ensorcelled Hibernation  Hex/Ice        0%         N/A       58%         2
 Passwall                 Tmut/Erth      0%         N/A       58%         2
 Swiftness                Air            0%         N/A       83%         3
 Dispel Undead            Necr           0%         3d6       99%         4
 Death Channel            Necr           0%         N/A       100%        6


Dungeon Overview and Level Annotations

Branches:
Dungeon (7/15)
 Temple: D:4-7

Altars:
Cheibriados
Dithmenos
Makhleb
Nemelex Xobeh
Okawaru

Annotations:
D:5 2 transporters, pkoi's ghost, amateur DgGl


Innate Abilities, Weirdness & Mutations

You are too large for most types of armour.
You have claws for hands.
Your natural rate of healing is unusually fast.
You are covered in fur. (AC +1)
You have tough skin. (AC +1)


Message History

The vampire draws life force from you.
The vampire is healed by the life force!
You claw the vampire!
The vampire is almost destroyed.
The vampire gestures wildly while chanting.
The vampire flickers and vanishes!
Deactivating autopickup; reactivate with Ctrl-A.
You mangle something!! Makhleb accepts your kill.
You feel better.
Reactivating autopickup.
You feel a bit more experienced.
Your Throwing skill increases to level 1!
A cyclops and a two-headed ogre come into view.
The cyclops throws a large rock.
The large rock completely misses you.
There is an open door, spattered with blood here.
A demon appears!
Your orange demon stings the two-headed ogre from afar!
The two-headed ogre looks as sick as possible!
Your orange demon poisons the two-headed ogre!
Your orange demon closely misses the two-headed ogre.
Your orange demon hits the two-headed ogre.
The two-headed ogre hits you with a +0 giant club!!
The two-headed ogre hits you with a +0 giant spiked club!!
Your orange demon stings the two-headed ogre!
The two-headed ogre looks as sick as possible!
Your orange demon poisons the two-headed ogre!
Your orange demon hits the two-headed ogre.
The two-headed ogre looks weaker.
You scratch the two-headed ogre.
The two-headed ogre is almost dead.
The two-headed ogre hits you with a +0 giant club!
* * * LOW HITPOINT WARNING * * *
The two-headed ogre closely misses you.
You claw the two-headed ogre!
You kill the two-headed ogre!
Makhleb accepts your kill.
You feel better.
The cyclops throws a large rock.
The large rock hits you!!!
Ouch! That really hurt!
You die...

#..# #..# +### #..#
#..### #..# #....###
#..# #.#....### +..#
#...#....###..#
#.#...#....)..#
#...#@...###..# #
#.#.)4.###....# # #.
+....###...#..# #
#.####.C###...###.## #
#.C..'###...### #.# #
#.#####......####.## #
#.###...............# #
###....)...##..###.. #
###...........#.......#


You could see a cyclops and a friendly orange demon (summoned).

Vanquished Creatures
  A two-headed ogre (D:7)
  A vampire (D:7)
  3 water moccasins
  2 black bears
  A sky beast (D:6)
  A necrophage (D:6)
  3 ogres
  A centaur (D:7)
  A phantom (D:4)
  2 scorpions (D:5)
  A water moccasin zombie (D:6)
  2 water moccasin skeletons
  3 wights (D:6)
  A bullfrog zombie (D:5)
  5 hounds
  An orc priest (D:6)
  2 bullfrog skeletons
  Natasha (thrice) (D:4)
  2 iguanas (D:6)
  3 orc wizards (D:6)
  A hound skeleton (D:4)
  4 gnolls (D:4)
  3 howler monkey skeletons
  9 adders
  An ufetubus (D:4)
  2 worms
  5 dart slugs
  19 orcs
  8 endoplasms
  4 goblins
  4 hobgoblins (D:1)
  6 jackals
  7 kobolds
  3 quokkas
  6 ball pythons
  4 bats
  A frilled lizard (D:1)
  A rat (D:3)
127 creatures vanquished.

Vanquished Creatures (collateral kills)
  A wight (D:6)
1 creature vanquished.

Vanquished Creatures (others)
  5 fungi (D:6)
  A withered plant (D:1)
6 creatures vanquished.

Grand Total: 134 creatures vanquished

Notes
Turn   | Place    | Note
-------+----------+-------------------------------------------
     0 | D:1      | urbino23 the Troll Monk began the quest for the Orb.
     0 | D:1      | Reached XP level 1. HP: 22/22 MP: 0/0
   177 | D:1      | Found a faded altar of an unknown god.
   254 | D:1      | Reached XP level 2. HP: 29/29 MP: 1/1
   925 | D:2      | Reached XP level 3. HP: 37/37 MP: 2/2
  1011 | D:2      | Found a burning altar of Makhleb.
  1019 | D:2      | Became a worshipper of Makhleb the Destroyer
  1019 | D:2      | Reached * piety under Makhleb
  1019 | D:2      | Reached ** piety under Makhleb
  1690 | D:3      | Reached skill level 4 in Unarmed Combat
  1868 | D:3      | Reached XP level 4. HP: 45/45 MP: 3/3
  2124 | D:3      | Found a shadowy altar of Dithmenos.
  2237 | D:4      | Noticed Natasha
  2250 | D:4      | Killed Natasha
  2403 | D:4      | Noticed a black bear
  2413 | D:4      | Killed a black bear
  2414 | D:4      | Reached XP level 5. HP: 49/54 MP: 4/4
  2442 | D:4      | Noticed Natasha
  2450 | D:4      | Killed Natasha
  2451 | D:4      | Reached skill level 5 in Unarmed Combat
  2538 | D:4      | Reached XP level 6. HP: 57/62 MP: 5/5
  2615 | D:4      | Noticed Natasha
  2620 | D:4      | Killed Natasha
  2720 | D:4      | Reached skill level 6 in Unarmed Combat
  2747 | D:4      | Found a snail-covered altar of Cheibriados.
  2890 | D:4      | Reached *** piety under Makhleb
  2891 | D:4      | Reached skill level 5 in Fighting
  2891 | D:4      | Reached XP level 7. HP: 72/72 MP: 6/6
  3185 | D:5      | Entered Level 5 of the Dungeon
  3198 | D:5      | Reached skill level 1 in Invocations
  3378 | D:5      | Found a transporter.
  3382 | D:5      | Found a transporter.
  3383 | D:5      | Noticed pkoi's ghost (amateur DgGl)
  3462 | D:5      | Reached skill level 7 in Unarmed Combat
  3635 | D:5      | Reached XP level 8. HP: 80/80 MP: 9/9
  3933 | D:6      | Reached **** piety under Makhleb
  3947 | D:6      | Reached skill level 8 in Unarmed Combat
  4165 | D:6      | Found an iron altar of Okawaru.
  4324 | D:6      | Found a sparkling altar of Nemelex Xobeh.
  4527 | D:6      | Reached XP level 9. HP: 15/86 MP: 11/11
  4905 | D:7      | Reached skill level 9 in Unarmed Combat
  4917 | D:7      | Reached skill level 5 in Dodging
  4943 | D:7      | Reached skill level 1 in Throwing
  4944 | D:7      | Noticed a cyclops
  4944 | D:7      | Noticed a two-headed ogre
  4956 | D:7      | Killed a two-headed ogre
  4956 | D:7      | Hit by a large rock thrown by a cyclops

Illustrated notes

Levels and vault maps discovered:
D:1:      lemuel_arrival_broad_hall, layout_loops_cross,
          ebering_ecumenical_altar_petrified
D:2:      layout_basic, basic_altar, roderic_roman_lattice, minivault_25,
          hangedman_decor_points, dk_noncrumbling_2,
          amcnicky_mini_corridor_feature, nrook_loot_triangle
D:3:      layout_basic, lemuel_doored_altar
D:4:      layout_cave_pods, mainiacjoe_overflow_small_starburst, uniq_natasha
D:5:      layout_cave_pools, gammafunk_ghost_mausoleum
D:6:      layout_loops_ring, nemelex_xobeh_ov_fountains_minmay, kennysheep_mini,
          serial_aquarium, aquarium_bridge_straight [aquarium_subvault_bridge,
          aquarium_subvault_balcony, aquarium_subvault_bridge,
          aquarium_subvault_wall], aquarium_bridge_straight
          [aquarium_subvault_bridge, aquarium_subvault_wall,
          aquarium_subvault_bridge, aquarium_subvault_window],
          aquarium_window_2, aquarium_window_fake, aquarium_window_2,
          aquarium_window_1, aquarium_view_2d, dk_rats_in_the_wall
D:7:      minmay_the_grid_triangle_9x9_rhombus_thin
          [minmay_the_grid_triangle_9x9_semitri,
          minmay_the_grid_triangle_9x9_prize_special,
          minmay_the_grid_triangle_9x9_swiss_cheese,
          minmay_the_grid_triangle_9x9_negative_grid], layout_basic,
          minmay_temple_entry_stoned_glass, kennysheep_small_square

Skill      XL: |  1  2  3  4  5  6  7  8  9 |
---------------+----------------------------+-----
Fighting       | 3 4 5 |  5.0
Unarmed Combat | 4 5 6 7 8 9 |  9.2
Invocations    | 3 4 |  4.0
Dodging        | 4 5 |  5.0
Throwing       | 1 |  1.5
Stealth        | |  1.0

Action                   |  1- 3 |  4- 6 |  7- 9 || total
-------------------------+-------+-------+-------++-------
Melee: Unarmed           |    55 |    96 |   240 ||   391
       Punch             |     1 |     2 |     9 ||    12
Throw: Dart              |     5 |     5 |     1 ||    11
Invok: Lesser Servant of |       |       |     2 ||     2
  Use: Scroll            |       |     5 |     1 ||     6
       Potion            |       |       |     1 ||     1
 Stab: Sleeping          |     5 |     1 |       ||     6
       Distracted        |       |       |     1 ||     1
Armor: Robe              |    15 |    34 |    51 ||   100
Dodge: Dodged            |    22 |    42 |   110 ||   174
